Map: Blackpink LE

Players

Stropheum - Winner!

  • Race: Zerg Zerg
  • League: Diamond
  • Spawn Location: 7:00

Brownie

  • Race: Terran Terran
  • League: Master
  • Spawn Location: 1:00

VOD

Have the link to the VOD?

Description

Time

  • Played on: March 21, 2018, 10:49 p.m.
  • Length: 18:14
Show
View Real Time Build Order
Export as new Build Order

Stropheum Zerg - Winner!

Build Orders: Hatch First 

Get SALT Encoding   

  12  0:00  Drone  
  13  0:12  Overlord  
  13  0:17  Drone  
  14  0:31  Drone x2  
  14  0:35  Drone  
  17  0:53  Hatchery  
  17  0:55  Drone  
  17  0:59  Drone  
  18  1:09  Extractor  
  17  1:14  Spawning Pool  
  17  1:17  Drone  
  17  1:21  Drone  
  18  1:28  Drone  
  19  1:39  Overlord  
  19  2:04  Queen x2  
  19  2:05  Zergling x2  
  19  2:06  Zergling x4  
  26  2:11  Drone  
  26  2:12  Metabolic Boost  
  27  2:16  Drone  
  27  2:22  Overlord  
  28  2:35  Drone  
  28  2:36  Drone  
  30  2:40  Queen  
  32  2:50  Drone  
  32  2:51  Pneumatized Carapace, Drone x2  
  35  2:54  Drone  
  36  3:04  Overlord  
  36  3:06  Drone  
  37  3:18  Hatchery  
  36  3:26  Drone x2  
  36  3:27  Drone x2  
  40  3:33  Lair  
  40  3:39  Drone x2  
  42  3:53  Overlord  
  42  4:01  Baneling Nest  
  41  4:03  Extractor, Evolution Chamber  
  41  4:05  Drone x4  
  41  4:06  Drone x4  
  47  4:11  Extractor  
  46  4:37  Drone x4  
  50  4:38  Queen  
  50  4:42  Hydralisk Den  
  51  4:49  Zergling x14  
  51  4:50  Overlord x2  
  58  5:00  Centrifical Hooks  
  58  5:03  Overlord  
  58  5:04  Overlord x2  
  58  5:07  Overseer  
  58  5:19  Zerg Ground Armor Level 1  
  58  5:20  Overlord  
  58  5:21  Drone x5  
  63  5:45  Drone x13  
  76  5:57  Grooved Spines  
  76  5:59  Baneling x7  
  76  6:04  Extractor  
  75  6:05  Extractor  
  75  6:09  Hydralisk x2  
  75  6:11  Overlord  
  78  6:17  Hatchery  
  77  6:19  Hydralisk x2  
  77  6:21  Drone x4  
  77  6:22  Drone  
  77  6:24  Drone  
  87  6:39  Hydralisk x5  
  87  6:41  Overlord x2  
  97  6:51  Drone  
  97  6:55  Overlord x3  
  97  7:01  Evolution Chamber  
  96  7:06  Hydralisk x4  
  104  7:08  Drone  
  104  7:09  Drone x2  
  104  7:10  Drone  
  104  7:11  Drone  
  104  7:12  Drone  
  104  7:13  Zerg Missile Weapons Level 1  
  104  7:14  Drone  
  111  7:19  Overlord  
  111  7:20  Overlord x2  
  111  7:40  Zerg Ground Armor Level 2  
  111  7:42  Drone  
  111  7:43  Drone x11  
  123  7:48  Muscular Augments  
  122  7:54  Zergling x2  
  122  7:55  Zergling x6  
  122  7:57  Baneling x7  
  126  8:00  Zergling x2  
  126  8:02  Zergling x2  
  126  8:03  Zergling x2  
  129  8:13  Zergling x10  
  129  8:14  Zergling x12  
  129  8:19  Baneling x2  
  140  8:31  Hydralisk x6  
  150  8:35  Baneling  
  150  8:36  Baneling x15  
  150  8:37  Zergling x8  
  154  8:44  Extractor x2  
  154  8:45  Extractor  
  149  8:52  Zergling x18  
  149  8:53  Zergling x2  
  129  9:06  Zergling x10  
  129  9:08  Baneling x3  
  124  9:11  Baneling x3  
  124  9:12  Baneling x3  
  124  9:23  Zergling x2  
  124  9:24  Zergling x18  
  134  9:29  Hatchery  
  133  9:32  Hatchery, Extractor  
  133  9:35  Zergling x2  
  133  9:36  Zergling x6, Extractor  
  131  9:38  Baneling  
  131  9:39  Baneling x9  
  114  9:58  Zergling x24  
  117  10:06  Zergling x4  
  118  10:09  Hydralisk x2  
  118  10:13  Queen  
  120  10:26  Infestation Pit  
  112  10:45  Hydralisk x10  
  112  10:46  Hydralisk x9  
  112  10:48  Zerg Missile Weapons Level 2  
  112  10:49  Overseer x2, Zerg Melee Weapons Level 1  
  150  10:52  Hatchery  
  149  11:03  Baneling x12  
  149  11:04  Baneling x15  
  138  11:27  Hydralisk x7  
  152  11:36  Drone x7  
  158  11:41  Hatchery  
  158  11:45  Hatchery  
  130  12:11  Hydralisk x4  
  130  12:12  Hydralisk x7  
  134  12:20  Zergling x2  
  134  12:21  Hatchery  
  129  12:23  Queen x2  
  127  12:30  Drone x4  
  130  12:52  Zergling x2  
  130  12:53  Zergling x14  
  130  12:54  Zerg Melee Weapons Level 2  
  138  13:09  Hive  
  138  13:10  Overlord x2  
  138  13:12  Drone x10  
  148  13:25  Baneling  
  148  13:26  Baneling x13  
  147  13:30  Zergling x12  
  147  13:31  Zergling x2  
  154  13:43  Overlord x4  
  154  13:53  Drone x9  
  161  13:56  Extractor x2  
  156  14:24  Hatchery  
  156  14:26  Extractor  
  156  14:27  Extractor  
  156  14:28  Zerg Ground Armor Level 3, Ultralisk Cavern  
  150  14:38  Hydralisk x9  
  141  14:59  Drone x7  
  152  15:00  Drone x4  
  152  15:10  Spore Crawler, Zerg Missile Weapons Level 3  
  152  15:12  Spine Crawler x2  
  152  15:14  Spine Crawler  
  148  15:15  Spine Crawler  
  148  15:16  Zergling x2  
  148  15:17  Zergling x26  
  159  15:31  Ultralisk  
  159  15:34  Ultralisk  
  161  15:56  Ultralisk x3  
  179  16:00  Chitinous Plating  
  176  16:26  Hatchery  
  172  16:34  Spine Crawler  
  172  16:36  Spore Crawler  
  172  16:39  Drone x11  
  177  16:40  Drone x2  
  177  16:47  Spine Crawler  
  174  17:01  Hatchery  
  170  17:12  Zergling x18  
  170  17:13  Zergling x38  
  161  17:25  Hydralisk x5  
  164  17:49  Drone x5  
Show
View Real Time Build Order
Export as new Build Order

Brownie Terran 

Build Orders: Reaper Expand, Bio Tank 

Get SALT Encoding   

  12  0:01  SCV  
  13  0:13  SCV  
  14  0:20  Supply Depot  
  14  0:25  SCV  
  15  0:42  SCV  
  16  0:44  Refinery  
  16  0:45  Barracks  
  16  0:54  SCV  
  17  1:08  SCV  
  18  1:20  SCV  
  19  1:34  Orbital Command, Reaper  
  20  1:40  Command Center  
  20  1:54  Supply Depot  
  20  2:05  Factory  
  20  2:06  Marine  
  21  2:11  SCV  
  22  2:17  Refinery  
  22  2:23  SCV  
  22  2:24  Barracks Reactor  
  23  2:35  SCV  
  24  2:49  SCV  
  27  2:51  Hellion  
  27  2:52  Starport  
  27  2:53  Orbital Command  
  27  3:00  Marine  
  27  3:01  Marine  
  27  3:04  SCV  
  30  3:13  Factory Tech Lab  
  30  3:16  SCV  
  31  3:22  Marine x2  
  31  3:23  SCV  
  34  3:28  SCV  
  34  3:30  Supply Depot  
  35  3:35  Siege Tank  
  35  3:36  SCV  
  35  3:37  Viking  
  35  3:40  SCV  
  42  3:52  Marine x2  
  42  3:53  SCV x2  
  45  3:58  Supply Depot  
  45  4:03  Barracks  
  45  4:07  Barracks  
  45  4:13  SCV x2, Siege Tank  
  45  4:15  Marine x2  
  45  4:16  Medivac  
  54  4:29  SCV x2, Supply Depot  
  56  4:34  Refinery, Marine x2  
  58  4:41  SCV  
  59  4:47  Siege Tank  
  59  4:50  SCV  
  63  4:52  Barracks Tech Lab  
  63  4:53  SCV  
  63  4:55  Barracks Reactor  
  63  4:57  Marine x2  
  66  5:02  SCV  
  66  5:05  Medivac  
  69  5:13  Marine  
  70  5:18  Supply Depot, Command Center  
  70  5:35  Supply Depot  
  70  5:36  Engineering Bay x2  
  70  5:39  Marine x3, Stimpack  
  70  5:40  SCV x2, Marine  
  70  5:41  Supply Depot  
  76  5:51  Refinery  
  76  5:52  SCV x2  
  76  5:56  Medivac  
  80  5:57  Marine x4  
  80  5:58  Marine  
  87  6:04  SCV x2  
  87  6:05  Siege Tank  
  87  6:10  Supply Depot  
  90  6:15  Marine x3  
  90  6:16  SCV, Terran Infantry Weapons Level 1  
  90  6:17  Terran Infantry Armor Level 1  
  94  6:25  Supply Depot  
  94  6:30  SCV, Medivac  
  97  6:39  Marine x5  
  101  6:43  SCV x2  
  104  6:54  Orbital Command  
  104  6:56  Marine  
  104  6:59  SCV x2  
  107  7:02  Marine x4  
  111  7:11  SCV x2  
  111  7:14  Marine  
  111  7:15  Siege Tank, Medivac  
  117  7:20  Armory, Marine x2  
  121  7:23  SCV x2  
  121  7:25  SCV  
  121  7:26  Barracks  
  121  7:28  Factory  
  124  7:30  Refinery  
  124  7:35  SCV  
  124  7:36  Marine  
  125  7:39  Supply Depot  
  125  7:40  Combat Shields  
  125  7:42  Marine x2  
  125  7:43  SCV, Supply Depot x2  
  125  7:44  Marine x2, Supply Depot  
  128  7:45  Medivac  
  130  7:54  Marine  
  131  7:59  SCV x2  
  131  8:00  Marine x2  
  131  8:01  SCV, Siege Tank  
  131  8:02  Marine x2  
  131  8:03  Supply Depot  
  141  8:12  Marine  
  142  8:18  Marine x2  
  144  8:31  Marine x3  
  144  8:32  Medivac  
  148  8:36  Marine x2  
  129  9:02  Medivac  
  117  9:06  Marine x5  
  121  9:15  SCV, Siege Tank  
  121  9:16  SCV x2  
  127  9:19  Barracks Reactor, Factory Tech Lab  
  127  9:20  Terran Infantry Weapons Level 2, Terran Vehicle Weapons Level 1, Terran Infantry Armor Level 2  
  127  9:22  Supply Depot  
  127  9:24  Supply Depot  
  127  9:25  Marauder, Command Center  
  126  9:40  Marine x4  
  126  9:41  Medivac  
  132  9:46  Marauder  
  125  9:57  Marine  
  111  10:03  Marine x3  
  114  10:11  Marine  
  114  10:15  Marine  
  114  10:21  Marine x2, Siege Tank  
  117  10:22  Marine x3, Barracks  
  117  10:23  Barracks x3  
  117  10:24  Factory  
  122  10:29  Marine  
  122  10:33  Marine  
  120  10:47  Marine x2  
  120  10:48  Marine x4  
  120  10:49  Siege Tank  
  129  10:50  SCV x2, Starport Reactor  
  129  10:51  Marine  
  129  10:52  Planetary Fortress  
  129  10:53  Refinery, Siege Tank  
  129  10:54  Factory  
  135  11:05  Marine x4  
  135  11:06  Marine x2  
  135  11:09  Marine  
  142  11:21  Siege Tank  
  142  11:23  Marine x4  
  142  11:29  Marine x3  
  142  11:30  Siege Tank  
  148  11:33  SCV x3  
  148  11:34  SCV  
  149  11:41  Marine x3  
  149  11:43  Widow Mine  
  149  11:45  SCV x2  
  151  11:53  Siege Tank  
  143  11:57  Marine x4  
  143  11:59  Marine x3  
  144  12:06  Siege Tank  
  144  12:07  Medivac x2  
  145  12:15  Marine x4  
  127  12:16  Marine x2  
  127  12:17  Marine  
  118  12:25  Siege Tank  
  119  12:33  Marine x4  
  119  12:34  Marine x3  
  119  12:35  SCV x2  
  120  12:38  Siege Tank  
  120  12:42  Command Center  
  123  12:44  Terran Vehicle Weapons Level 2, Terran Infantry Armor Level 3, Terran Infantry Weapons Level 3  
  123  12:45  Barracks Tech Lab  
  123  12:46  Barracks Tech Lab x3  
  123  12:50  Marine  
  123  12:51  Marine x3  
  126  12:52  Marine x3  
  126  12:58  Siege Tank  
  133  13:02  SCV x3  
  136  13:08  Marine x2  
  136  13:09  Marine x2  
  136  13:10  Marine  
  141  13:13  Command Center  
  141  13:19  Marine x2  
  142  13:20  Marine x4  
  142  13:21  Siege Tank, Medivac  
  142  13:22  Medivac  
  142  13:26  Marine x3  
  155  13:30  Siege Tank  
  155  13:33  Marine x2  
  160  13:37  Marine x3  
  160  13:38  Marine  
  155  13:53  Marine x6  
  161  13:56  Orbital Command  
  159  14:09  Marine x5  
  164  14:10  Siege Tank x2  
  164  14:11  Viking x2, Marine x2  
  176  14:19  Marine x2  
  176  14:20  Marine x2  
  130  14:34  Marine  
  130  14:35  Marine x3  
  124  14:43  Marine x2  
  124  14:44  Marine  
  101  14:47  Orbital Command  
  101  14:49  SCV x2, Planetary Fortress  
  103  14:55  Siege Tank x2  
  103  14:57  Marine x3  
  112  15:02  SCV  
  114  15:07  SCV  
  114  15:09  Marine x4  
  114  15:10  Marauder x2  
  114  15:11  Medivac  
  114  15:12  Refinery  
  114  15:13  Refinery  
  114  15:14  SCV  
  125  15:19  SCV  
  126  15:25  Marine  
  126  15:26  Marine x4  
  126  15:27  SCV x2, Siege Tank  
  126  15:28  SCV  
  137  15:31  SCV  
  135  15:39  Marine x5  
  135  15:40  Marauder  
  142  15:47  Marine  
  142  15:48  Marine x2  
  145  15:52  Marine x2  
  145  15:57  Marine  
  147  15:58  Marauder  
  150  16:10  SCV x3  
  153  16:17  Marine x3, Command Center  
  153  16:18  Marauder x2  
  160  16:34  Marine x4  
  160  16:35  Marauder x2  
  160  16:36  Siege Tank  
  169  16:43  Marine x3  
  165  16:47  SCV x3  
  103  17:30  Marine, Marauder x3  
  103  17:32  Marine x4, Marauder x2  
  103  17:33  Marine  
  111  17:41  Siege Tank x2  
  117  17:47  Marine, Starport  
  117  17:50  Marine x2  
  117  17:51  Marauder x3  
Tags
 
Add a new tag
Caveats
  • Supply blocks, unpowered buildings, or Contaminate may cause inaccurate times.
  • Supply counts are checked every 10 seconds.